 Dungeon Crawl Stone Soup version 0.26-a0-778-g3fe0686644 (webtiles) character file.

Game seed: 11420720173662604322

557 littlecub the Sneak (level 7, 0/33 HPs)
             Began as a Spriggan Enchanter on Nov 10, 2020.
             Was an Initiate of Ashenzari.
             Succumbed to an orc wizard's poison
             ... on level 6 of the Dungeon.
             The game lasted 00:17:10 (6565 turns).

littlecub the Sneak (Spriggan Enchanter)            Turns: 6565, Time: 00:17:10

Health: 0/33       AC:  2    Str:  3 (5)  XL:     7   Next: 9%
Magic:  22/22      EV: 15    Int: 16 (18) God:    Ashenzari [......]
Gold:   235        SH:  5    Dex: 15 (16) Spells: 4/13 levels left

rFire    . . .     SeeInvis +   a - +1 dagger
rCold    . . .     Faith    .   f - +0 buckler (curse)
rNeg     . . .     Spirit   .   d - +0 robe
rPois    .         Reflect  .   (helmet restricted)
rElec    .         Harm     .   (no cloak)
rCorr    .         Rampage  .   (gloves unavailable)
MR       +....                  (boots unavailable)
Stlth    +++.......             (no amulet)
HPRegen  0.11/turn              e - -4 ring of evasion (curse)
MPRegen  0.18/turn              i - ring of magical power (curse)

@: lethally poisoned (0 -> -1), flying, hasted, very quick
A: very small, unfitting armour, antennae 1, see invisible, speed 3, wild magic
1
a: Curse Item, Renounce Religion


You were on level 6 of the Dungeon.
You worshipped Ashenzari.
Ashenzari was noncommittal.
You visited 1 branch of the dungeon, and saw 6 of its levels.

You collected 235 gold pieces.

Inventory:

Hand Weapons
 a - a +1 dagger (weapon)
 b - a +0 hunting sling
Missiles
 g - 52 stones
 w - 6 poisoned darts (quivered)
Armour
 d - a +0 robe (worn)
 f - a cursed +0 buckler (worn)
Jewellery
 e - a cursed -4 ring of evasion (left hand)
 i - a cursed ring of magical power (right hand)
Wands
 u - a wand of iceblast (7)
Scrolls
 c - 3 scrolls of teleportation {unknown}
 h - 2 scrolls of amnesia {unknown}
 j - 6 scrolls of magic mapping {unknown}
 k - a scroll of noise {unknown}
 l - 9 scrolls of identify {unknown}
 m - a scroll of fear {unknown}
 p - 4 scrolls of remove curse
 t - a scroll of enchant armour {unknown}
 v - a scroll of enchant weapon {unknown}
Potions
 o - a potion of lignification
 s - a potion of mutation


   Skills:
 + Level 1.6 Fighting
 * Level 3.6 Short Blades
 + Level 4.6 Dodging
 * Level 6.8 Stealth
 + Level 1.1 Shields
 + Level 3.8 Spellcasting
 * Level 5.1 Hexes
 + Level 1.4 Ice Magic


You had 4 spell levels left.
You knew the following spells:

 Your Spells              Type           Power        Failure   Level
a - Corona                Hex            ####...      5%          1
b - Ensorcelled Hibernat  Hex/Ice        ###...       16%         2
c - Tukima's Dance        Hex            ####....     14%         3
d - Confusing Touch       Hex            ####....     14%         3

Your spell library contained the following spells:

 Spells                   Type           Power        Failure   Level
 Dazzling Flash           Conj/Hex       ##....       34%         3
 Gell's Gravitas          Tloc           #.........   69%         3
 Petrify                  Tmut/Erth      #.......     97%         4
 Metabolic Englaciation   Hex/Ice        ###.......   92%         5
 Yara's Violent Unravell  Hex/Tmut       ##........   96%         5


Dungeon Overview and Level Annotations

Branches:
Dungeon (6/15)
 Temple: D:4-7

Altars:
Ashenzari
Cheibriados
Elyvilon
Nemelex Xobeh
Wu Jian
Xom
Yredelemnul

Annotations:
D:4 Sigmund


Innate Abilities, Weirdness & Mutations

You are very small and have problems with some larger weapons.
You are too small for most types of armour.
You have supernaturally acute eyesight. (SInv)
You cover ground extremely quickly.
You have a pair of small antennae on your head.
Your spells are a little harder to cast, but a little more powerful.


Message History

You feel sick.
Your transformation is almost over.
You feel sick.
You start resting.
You feel sick.
You feel less wooden.
Your +0 robe unmelds from your body.
* * * LOW HITPOINT WARNING * * *
You feel sick.
It was a potion of degeneration.
There was something very wrong with that liquid.
You feel weakened.
You feel dopey.
You feel clumsy.
It was a potion of mutation.
You feel extremely strange.
You feel less in control of your magic. A pair of antennae grows on your head!
Unknown command.
It was a potion of haste.
You feel yourself speed up.
It was a potion of flight.
You feel very buoyant.
You fly up into the air.
You die...

#.###########''##
#.# ....# #.#
..⌠.# #.# ##.o#
#.# ..#
#.######## .#
#......).# .#
########.#
#.).#@# #.#.#.#
######.#<#.#
#....#...#.#
#.##.###.#.#
#.##.# #.#.#
#.##.# #.#.#
#.##.# #.#.#
#.##.# #.#.#


There were no monsters in sight!

Vanquished Creatures
  A bullfrog (D:6)
  2 orc priests
  4 orc wizards (D:6)
  An iguana (D:5)
  3 worker ants
  Robin (D:2)
  7 adders
  A shadow imp (D:5)
  A white imp (D:5)
  An ooze (D:2)
  A dart slug (D:1)
  2 leopard geckos
  14 orcs
  8 giant cockroaches
  20 goblins
  13 hobgoblins
  6 jackals
  10 kobolds
  2 quokkas
  4 bats
  3 frilled lizards
  A quokka skeleton (D:5)
  11 rats
117 creatures vanquished.

Notes
Turn   | Place    | Note
-------+----------+-------------------------------------------
     0 | D:1      | littlecub the Spriggan Enchanter began the quest for the
                  | Orb.
     0 | D:1      | Reached XP level 1. HP: 9/9 MP: 5/5
   806 | D:2      | Found a snail-covered altar of Cheibriados.
  1090 | D:1      | Reached XP level 2. HP: 4/13 MP: 3/6
  1096 | D:1      | Learned a level 2 spell: Ensorcelled Hibernation
  1873 | D:2      | Reached skill level 5 in Stealth
  2007 | D:2      | Noticed Robin
  2104 | D:1      | Reached XP level 3. HP: 14/17 MP: 8/8
  2959 | D:2      | Killed Robin
  3110 | D:2      | Reached XP level 4. HP: 20/21 MP: 6/9
  3931 | D:3      | Reached XP level 5. HP: 23/25 MP: 4/10
  4383 | D:3      | Reached skill level 1 in Fighting
  4703 | D:3      | Reached skill level 1 in Ice Magic
  5059 | D:4      | Noticed Sigmund
  5067 | D:4      | Reached skill level 6 in Stealth
  5111 | D:5      | Entered Level 5 of the Dungeon
  5162 | D:5      | Learned a level 3 spell: Tukima's Dance
  5166 | D:5      | Learned a level 3 spell: Confusing Touch
  5177 | D:5      | Noticed a phantom
  5251 | D:5      | Reached XP level 6. HP: 30/30 MP: 12/12
  5813 | D:5      | Found a white marble altar of Elyvilon.
  5813 | D:5      | Found a broken altar of Ashenzari.
  5813 | D:5      | Found an ornate altar of the Wu Jian Council.
  5813 | D:5      | Found a basalt altar of Yredelemnul.
  5821 | D:5      | Found a sparkling altar of Nemelex Xobeh.
  5824 | D:5      | Found a shimmering altar of Xom.
  5839 | D:5      | Became a worshipper of Ashenzari the Shackled
  5931 | D:6      | Reached skill level 1 in Shields
  5958 | D:6      | Reached skill level 5 in Hexes
  6405 | D:6      | Reached XP level 7. HP: 33/33 MP: 13/13
  6557 | D:6      | HP: 2/49 [poisoned by an orc wizard]
  6563 | D:6      | Gained mutation: Your spells are a little harder to cast,
                  | but a little more powerful. [potion of mutation]
  6563 | D:6      | Gained mutation: You have a pair of small antennae on your
                  | head. [potion of mutation]
  6565 | D:6      | Succumbed to an orc wizard's poison

Illustrated notes

Levels and vault maps discovered:
D:1:      minmay_arrival_doors, layout_loops_ring
D:2:      layout_loops_ring, old_standard_altar, minivault_26,
          minmay_rat_gold_closets, uniq_robin
D:3:      layout_loops_ring
D:4:      layout_cave_pools, fountainhead, minmay_rat_hole, uniq_sigmund
D:5:      layout_cave_pools, minmay_overflow_temple_hex, chequers_arboretum
D:6:      layout_basic, serial_shops, shop, kennysheep_generic_room_15

Skill      XL: |  1  2  3  4  5  6 |
---------------+-------------------+-----
Stealth        | 5 6 |  6.8
Spellcasting   | 3 |  3.8
Hexes          | 4 5 |  5.1
Short Blades   | 2 3 |  3.6
Fighting       | 1 |  1.6
Ice Magic      | 1 |  1.4
Dodging        | 4 |  4.6
Shields        | 1 |  1.1

Action                   |  1- 3 |  4- 6 |  7- 9 || total
-------------------------+-------+-------+-------++-------
Melee: Dagger            |   134 |   160 |     3 ||   297
Throw: Stone             |     1 |       |       ||     1
 Cast: Corona            |    12 |       |       ||    12
       Ensorcelled Hiber |    39 |    69 |     7 ||   115
       Confusing Touch   |       |     4 |       ||     4
Invok: Curse Item        |       |     1 |       ||     1
  Use: Potion            |     1 |       |     5 ||     6
 Stab: Sleeping          |    32 |    59 |     2 ||    93
       Confused          |       |     3 |       ||     3
Armor: Robe              |    16 |    17 |       ||    33
Dodge: Dodged            |    79 |    86 |     3 ||   168
Block: Buckler           |    18 |    32 |     1 ||    51

Table legend: (Time is in decaauts)
 A = Elapsed time spent in this place.
 B = Non-inter-level travel time spent in this place.
 C = Inter-level travel time spent in this place.
 D = Time resting spent in this place.
 E = Time spent auto-exploring this place.
 F = Levels seen in this place.
 G = Mean time per level.
                   A        B        C        D        E       F      G
               +--------+--------+--------+--------+--------+-----+--------+
         Total |   5487 |   5407 |     80 |   1430 |   2971 |   6 |  914.5 |
       Dungeon |   5487 |   5407 |     80 |   1430 |   2971 |   6 |  914.5 |
               +--------+--------+--------+--------+--------+-----+--------+

Top non-repeatable levels by time:
     D:1: 1971 daAuts
     D:2: 1311 daAuts
     D:3: 961 daAuts
     D:5: 873 daAuts
     D:6: 333 daAuts
     D:4: 37 daAuts
